 Dungeon Crawl Stone Soup version 0.27.0-1-g7a089689b8 (webtiles) character file.

Game seed: 16257358358957266070

728 Meds the Shield-Bearer (level 7, -9/55 HPs)
             Began as a Demonspawn Fighter on Aug 14, 2021.
             Was an Initiate of Ashenzari.
             Killed by nerve-wracking pain
             ... invoked by Menkaure
              (14 damage)
             ... on level 5 of the Dungeon.
             The game lasted 00:31:21 (4103 turns).

Meds the Shield-Bearer (Demonspawn Fighter)         Turns: 4103, Time: 00:31:22

Health: -9/55      AC: 11    Str: 19    XL:     7   Next: 44%
Magic:  7/7        EV:  8    Int:  9    God:    Ashenzari [......]
Gold:   243        SH: 14    Dex: 12    Spells: 6/6 levels left

rFire    + . .     SeeInvis .   r - +2 war axe (elec)
rCold    . . .     Faith    .   c - +0 kite shield
rNeg     . . .     Spirit   .   b - +0 scale mail
rPois    .         Reflect  .   (no helmet)
rElec    .         Harm     .   s - +0 cloak
rCorr    .         Rampage  .   o - +0 pair of gloves
Will     .....                  e - +1 pair of boots
Stlth    ..........             (no amulet)
HPRegen  0.18/turn              q - ring of protection from fire
MPRegen  0.10/turn              (no ring)

@: silenced
A: hooves 2, large bone plates 1, demonic magic 1
a: Renounce Religion, Curse Item


You were on level 5 of the Dungeon.
You worshipped Ashenzari.
Ashenzari was noncommittal.
You visited 1 branch of the dungeon, and saw 5 of its levels.

You collected 243 gold pieces.

Inventory:

Hand Weapons
 a - a +0 war axe
 f - a +0 short sword
 r - a +2 war axe of electrocution (weapon)
 t - a +0 short sword of speed
Missiles
 p - 30 poisoned darts (quivered)
Armour
 b - a +0 scale mail (worn)
 c - a +0 kite shield (worn)
 e - a +1 pair of boots (worn)
 o - a +0 pair of gloves (worn)
 s - a +0 cloak (worn)
Jewellery
 q - a ring of protection from fire (left hand)
Wands
 y - a wand of flame (7)
 D - a wand of polymorph (4)
Scrolls
 g - a scroll of blinking
 h - 2 scrolls of fog
 j - a scroll of fear
 k - 2 scrolls of enchant weapon
 m - a scroll of silence
 n - 5 scrolls of identify
 w - 2 scrolls of vulnerability
 C - a scroll of teleportation
Potions
 d - a potion of might
 i - 2 potions of degeneration
 l - a potion of attraction
 u - a potion of haste
 v - a potion of berserk rage
 x - a potion of curing
 z - a potion of brilliance
 A - a potion of ambrosia
 B - 2 potions of heal wounds


   Skills:
 + Level 4.4 Fighting
 + Level 4.4 Axes
 + Level 0.4 Throwing
 + Level 3.9 Armour
 + Level 1.2 Dodging
 + Level 0.3 Stealth
 + Level 4.9 Shields


You had 6 spell levels left.
You didn't know any spells.
Your spell library contained the following spells:

 Spells                   Type           Power      Damage    Failure   Level
 Animate Skeleton         Necr           0%         N/A       99%         1
 Apportation              Tloc           0%         N/A       99%         1
 Corona                   Hex            0%         N/A       99%         1
 Freeze                   Ice            0%         1d3       99%         1
 Summon Small Mammal      Summ           0%         N/A       99%         1
 Frozen Ramparts          Ice            0%         1d2       100%        3
 Hailstorm                Conj/Ice       0%         3d3       100%        4
 Conjure Ball Lightning   Conj/Air       0%         3x3d6     100%        6
 Discord                  Hex            0%         N/A       100%        8
 Disjunction              Tloc           0%         N/A       100%        8


Dungeon Overview and Level Annotations

Branches:
Dungeon (5/15)
 Temple: D:4-7

Altars:
Ashenzari
Qazlal
Ru
The Shining One

Annotations:
D:5 Menkaure


Innate Abilities, Weirdness & Mutations

You have hoof-like feet.
You are partially covered in large bone plates. (SH +4)
Spells you cast may paralyse adjacent enemies.


Message History

You block Menkaure's attack. Menkaure hits you!
You hit Menkaure.
Menkaure is severely damaged.
Menkaure points at you and mumbles some strange words.
Pain shoots through your body!
Menkaure calls on the powers of darkness!
Your body is wracked with pain!
* * * LOW HITPOINT WARNING * * *
You block Menkaure's attack. You block Menkaure's attack.
Menkaure calls on the powers of darkness!
Your body is wracked with pain!
* * * LOW HITPOINT WARNING * * *
Menkaure blazes with dark energy!
Menkaure calls on the powers of darkness!
Your body is wracked with pain!
* * * LOW HITPOINT WARNING * * *
Unknown command.
There are no items here.
Blink to where?
Press: ? - help, Dir - move target, p - Menkaure
As you read the scroll of blinking, it crumbles to dust.
There are no items here.
Menkaure is no longer moving quickly.
Menkaure calls on the powers of darkness!
Your body is wracked with pain!
* * * LOW HITPOINT WARNING * * *
Menkaure calls on the powers of darkness!
Your body is wracked with pain!
* * * LOW HITPOINT WARNING * * *
Unknown command.
Blink to where?
Press: ? - help, Dir - move target
Okay, then.
Okay, then.
As you read the scroll of silence, it crumbles to dust.
A profound silence engulfs you. Menkaure casts a spell at you.
Pain shoots through your body!
You die...

############# ###...........#
#......####...# #.#.#..# #.M.#
#......# #...# ####.#M#..#
#...# ..........# #...#
########## ..........# #..@#
#.......>#
....#.#...###########.##.....#
###.#ยง#...............##.....#
..#.#.#.######################
#.#.#M#.### #...# #.#.#.#...#
#...# #.#.#.##### #...# #.#.#.#
#...# #.#.#.# #...#


You could see Menkaure.

Vanquished Creatures
  A black bear (D:4)
  A necrophage (D:4)
  2 centaurs
  Blork the orc (D:4)
  A bullfrog (D:4)
  A scorpion (D:5)
  A centaur skeleton (D:5)
  An iguana (D:3)
  2 adders (D:3)
  A shadow imp (D:5)
  An adder skeleton (D:4)
  2 worms (D:3)
  4 dart slugs
  An orc (D:3)
  4 endoplasms
  5 giant cockroaches
  11 goblins
  10 hobgoblins
  11 jackals
  8 kobolds
  4 quokkas
  6 ball pythons
  2 frilled lizards
  A quokka skeleton (D:4)
  10 rats
92 creatures vanquished.

Vanquished Creatures (others)
  A fungus (D:1)
1 creature vanquished.

Grand Total: 93 creatures vanquished

Notes
Turn   | Place    | Note
-------+----------+-------------------------------------------
     0 | D:1      | Meds the Demonspawn Fighter began the quest for the Orb.
     0 | D:1      | Reached XP level 1. HP: 18/18 MP: 1/1
   113 | D:1      | Gained mutation: You have large cloven feet. [demonic
                  | ancestry]
   113 | D:1      | Reached XP level 2. HP: 24/24 MP: 2/2
   546 | D:1      | Reached XP level 3. HP: 28/29 MP: 3/3
  1835 | D:3      | Gained mutation: Spells you cast may paralyse adjacent
                  | enemies. [demonic ancestry]
  1835 | D:3      | Reached XP level 4. HP: 27/35 MP: 4/4
  1901 | D:3      | Found a broken altar of Ashenzari.
  2650 | D:3      | Became a worshipper of Ashenzari the Shackled
  2735 | D:4      | Noticed Blork the orc
  2751 | D:4      | Gained mutation: You are partially covered in large bone
                  | plates. (SH +4) [demonic ancestry]
  2751 | D:4      | Reached XP level 5. HP: 36/41 MP: 5/5
  2764 | D:4      | Killed Blork the orc
  2768 | D:4      | Noticed a centaur
  2775 | D:4      | Killed a centaur
  2776 | D:4      | Reached XP level 6. HP: 30/48 MP: 6/6
  2982 | D:4      | Found a stormy altar of Qazlal.
  3071 | D:4      | Reached skill level 1 in Dodging
  3281 | D:4      | Gained mutation: You have hoof-like feet. [demonic
                  | ancestry]
  3281 | D:4      | Reached XP level 7. HP: 53/55 MP: 7/7
  3506 | D:5      | Entered Level 5 of the Dungeon
  3995 | D:5      | Found a sacrificial altar of Ru.
  4032 | D:5      | Noticed Menkaure
  4103 | D:5      | Killed from afar by Menkaure

Illustrated notes

Levels and vault maps discovered:
D:1:      dpeg_arrival_prison, layout_basic
D:2:      layout_basic, minmay_misc_feat_secret_circle
D:3:      wad_pebble_path, layout_rooms, nicolae_overflow_crystal_walls,
          mainiacjoe_overflow_catwalk
D:4:      layout_rooms, grunt_qazlal_clouds, uniq_blork_the_orc
D:5:      layout_basic, lemuel_doored_altar, gammafunk_ghost_necromancy,
          serial_co_window_serial, co_window_cross_1, co_window_corner_a,
          co_window_corner_a, co_window_corner_a, co_window_paths_a,
          co_window_paths_b, co_window_corner_b, co_window_unsneaky_path_b,
          co_window_2corner, co_window_unsneaky_path_d,
          co_window_of_opportunity_b, co_window_4corner_b, glass_columns_a,
          glass_columns_b, serial_park_tiny_pond, uniq_menkaure

Skill      XL: |  1  2  3  4  5  6  7 |
---------------+----------------------+-----
Axes           | 2 3 4 |  4.4
Shields        | 3 4 |  4.9
Armour         | 3 |  3.9
Fighting       | 4 |  4.4
Dodging        | 1 |  1.2
Throwing       | |  0.4
Stealth        | |  0.3

Action                   |  1- 3 |  4- 6 |  7- 9 || total
-------------------------+-------+-------+-------++-------
Melee: War axe           |   128 |   104 |    15 ||   247
       Kick              |    14 |       |       ||    14
Throw: Dart              |       |     6 |       ||     6
Evoke: Wand              |       |       |     1 ||     1
  Use: Scroll            |       |       |     2 ||     2
Armor: Scale mail        |    61 |    59 |    10 ||   130
Dodge: Dodged            |    42 |    27 |     5 ||    74
Block: Kite shield       |    80 |    93 |    24 ||   197
